 Dungeon Crawl Stone Soup version 0.31-a0-152-g6aa68a64a1 (webtiles) character file.

Game seed: 4537013555081690432

1577 IdlyInterested the Basher (level 8, -2/79 (87) HPs)
             Began as a Demonspawn Fighter on June 9, 2023.
             Slain by a wight
             ... wielding a +4 war axe
              (5 damage)
             ... on level 6 of the Dungeon.
             The game lasted 00:16:03 (5463 turns).

IdlyInterested the Basher (Demonspawn Fighter)      Turns: 5463, Time: 00:16:04

HP:   -2/79 (87)    AC:  9    Str: 25    XL:     8   Next: 60%
MP:   0/8           EV: 13    Int:  9    God:
Gold: 170           SH:  6    Dex: 16    Spells: 7/7 levels left

rFire   + . .        y - +1 flail (venom)
rCold   . . .        c - +0 buckler
rNeg    . . .        t - +4 ring mail "Nenlaca" {rF+ Will- Dex+3}
rPois   .            (no helmet)
rElec   .            (no cloak)
rCorr   .            (no gloves)
SInv    .            (no boots)
Will    .....        w - amulet of guardian spirit Stlth
                     h - +6 ring of strength
HPRegen 0.33/turn    (no ring)
MPRegen 0.22/turn

%: guardian spirit
@: berserking, studying Unarmed Combat, drained, very quick
A: hooves 2, repulsion field 1, magic regeneration
a: no special abilities


You were on level 6 of the Dungeon.
You visited 1 branch of the dungeon, and saw 6 of its levels.

You collected 245 gold pieces.
You spent 75 gold pieces at shops.

Inventory:

Hand Weapons
 a - a +0 flail of freezing
 y - a +1 flail of venom (weapon)
Missiles
 e - 23 stones (quivered)
 n - 11 poisoned darts
 q - 5 boomerangs
Armour
 c - a +0 buckler (worn)
 j - an orb of mayhem
 t - the +4 ring mail "Nenlaca" (worn) {rF+ Will- Dex+3}
   (You found it on level 2 of the Dungeon)

   Dex:       It affects your dexterity (+3).
   rF:        It protects you from fire.
   Will:      It decreases your willpower.
Jewellery
 h - a +6 ring of strength (left hand)
 w - an amulet of guardian spirit (around neck)
Wands
 o - a wand of acid (9)
 s - a wand of roots (5)
Scrolls
 b - a scroll of poison
 f - a scroll of magic mapping
 m - 3 scrolls of teleportation
 u - a scroll of enchant weapon
 v - a scroll of identify
 x - a scroll of blinking
 z - a scroll of torment
Potions
 d - a potion of might
 g - 2 potions of curing
 i - a potion of mutation
 k - 2 potions of invisibility
 l - a potion of haste
 p - 2 potions of resistance


   Skills:
 - Level 3.0 Fighting
 * Level 8.4 Maces & Flails
 - Level 1.0 Throwing
 - Level 2.6 Armour
 - Level 1.0 Dodging
 - Level 1.0 Stealth
 + Level 5.7 Shields
 - Level 1.0 Evocations


You had 7 spell levels left.
You didn't know any spells.
Your spell library contained the following spells:

 Spells                   Type           Power      Damage    Failure   Level
 Apportation              Tloc           0%         N/A       58%         1
 Freeze                   Ice            0%         1d3       58%         1
 Kiss of Death            Conj/Necr      0%         2d5       58%         1
 Magic Dart               Conj           0%         1d3       58%         1
 Call Imp                 Summ           0%         N/A       73%         2
 Frozen Ramparts          Ice            0%         1d1       91%         3
 Hailstorm                Conj/Ice       0%         3d3       91%         3
 Mephitic Cloud           Conj/Pois/Air  0%         N/A       91%         3
 Ice Form                 Ice/Tmut       0%         N/A       100%        4
 Simulacrum               Ice/Necr       0%         N/A       100%        6


Dungeon Overview and Level Annotations

Branches:
Dungeon (6/15)
 Temple: D:4-7

Altars:
Cheibriados
Fedhas
Makhleb
Okawaru
Qazlal
Ru
Sif Muna
Trog
Uskayaw
Vehumet
Xom

Shops:
D:2 [   D:4 ?


Innate Abilities, Weirdness & Mutations

You have hoof-like feet.
You are surrounded by a mild repulsion field. (EV +2)
You regenerate magic rapidly.


Message History

The wight hits you with a +5 mace.
You feel drained.
You thump the wight!
You destroy the wight!
You hit the wight but do no damage. Your kick misses the wight.
You block the wight's attack.
You barely miss the wight. You sock the wight! Your kick misses the wight.
The wight is almost destroyed.
The wight misses you.
You thump the wight!
The wight is severely damaged.
The wight misses you.
You closely miss the wight.
The wight is severely damaged.
The wight closely misses you.
You hit the wight but do no damage.
The wight is severely damaged.
The wight hits you with a +2 great sword!
You feel drained.
You closely miss the wight.
The wight is severely damaged.
The wight barely misses you.
You closely miss the wight. You kick the wight.
The wight is severely damaged.
You block the wight's attack.
You completely miss the wight.
The wight is severely damaged.
The wight hits you with a +2 great sword!
* * * LOW HITPOINT WARNING * * *
You feel drained.
* * * LOW HITPOINT WARNING * * *
A red film seems to cover your vision as you go berserk!
You feel yourself moving faster!
You feel mighty! The wight closely misses you.
You sock the wight!
You destroy the wight!
A wight comes into view. It is wielding a +0 halberd.
The wight misses you. The wight hits you with a +4 war axe!
* * * LOW HITPOINT WARNING * * *
You feel drained.
You die...

........ # ... ... . #.# # ..#).
#.... #. .#.#. ...#.## #.... ...
...# ....... #.... ...z
#...#.......###...#
##.......#..#...............
...._....zz.#.............. .#
.... ##@#$#.#........... .#.# ...
##.#.#+#.#...)))<...
.#.#.#+##...##...#...#.#.#..)....
#.#.....##.##....+....#.##.......
.#.......#.#.....#...#.#.#.......
#.#.....#.#.#.....#.#.#.#........
.#.......#.#.....#.#...#.....###.
#.#.#.#.#.#.#.#.#.#+....#......#.
.#.#.#.#.#.#.#.#.#.#...#.#.......


You could see 3 wights.

Vanquished Creatures
  A black bear (D:5)
  2 ogres
  3 phantoms
  A bullfrog (D:3)
  2 scorpions
  2 wights (D:6)
  3 hounds
  4 jellies (D:4)
  3 orc priests
  4 iguanas
  4 orc wizards
  Terence (D:2)
  6 gnolls
  6 adders
  A shadow imp (D:6)
  2 white imps
  5 worms
  4 dart slugs
  14 orcs
  6 bats
  15 endoplasms
  A giant cockroach (D:1)
  10 goblins
  6 hobgoblins
  13 jackals
  3 quokkas
  7 ball pythons
  2 frilled lizards
  11 kobolds
  5 rats
147 creatures vanquished.

Notes
Turn   | Place    | Note
-------+----------+-------------------------------------------
     0 | D:1      | IdlyInterested the Demonspawn Fighter began the quest for
                  | the Orb.
     0 | D:1      | Reached XP level 1. HP: 18/18 MP: 1/1
    70 | D:1      | Found a faded altar of an unknown god.
    77 | D:1      | Reached skill level 2 in Maces & Flails
    82 | D:1      | Got Plato's Secrets of the Door
    96 | D:1      | Gained mutation: You have large cloven feet. [demonic
                  | ancestry]
    96 | D:1      | Reached XP level 2. HP: 24/24 MP: 2/2
   190 | D:1      | Reached skill level 1 in Dodging
   476 | D:1      | Reached XP level 3. HP: 29/29 MP: 3/3
   798 | D:2      | Reached skill level 3 in Maces & Flails
   798 | D:2      | Reached skill level 1 in Stealth
  1104 | D:2      | Found a hide-covered altar of Uskayaw.
  1109 | D:2      | Gained mutation: You are surrounded by a mild repulsion
                  | field. (EV +2) [demonic ancestry]
  1109 | D:2      | Reached XP level 4. HP: 29/35 MP: 4/4
  1173 | D:2      | Noticed Terence
  1184 | D:2      | Killed Terence
  1185 | D:2      | Reached skill level 1 in Throwing
  1353 | D:2      | Reached skill level 4 in Maces & Flails
  1357 | D:2      | Reached skill level 1 in Evocations
  1357 | D:2      | Reached XP level 5. HP: 16/41 MP: 5/5
  1538 | D:2      | Found Sisasun's Armour Shoppe.
  1700 | D:2      | Identified the +4 ring mail "Nenlaca" {rF+ Will- Dex+3}
  2045 | D:3      | Found a bloodstained altar of Trog.
  2086 | D:3      | Found a shimmering blue altar of Sif Muna.
  2090 | D:3      | Got Sif Muna's Incunable of Destruction
  2751 | D:3      | Gained mutation: You have hoof-like feet. [demonic
                  | ancestry]
  2751 | D:3      | Reached XP level 6. HP: 34/47 MP: 6/6
  3045 | D:4      | Reached skill level 5 in Maces & Flails
  3342 | D:4      | Found Seoga's Magic Scroll Emporium.
  3910 | D:4      | Gained mutation: You regenerate magic rapidly. [demonic
                  | ancestry]
  3910 | D:4      | Reached XP level 7. HP: 50/52 MP: 7/7
  3927 | D:4      | Reached skill level 6 in Maces & Flails
  4120 | D:4      | Bought a scroll of enchant weapon for 75 gold pieces
  4165 | D:5      | Entered Level 5 of the Dungeon
  4581 | D:5      | Found a sacrificial altar of Ru.
  4589 | D:5      | Found a blossoming altar of Fedhas.
  4593 | D:5      | Found a radiant altar of Vehumet.
  4596 | D:5      | Found a burning altar of Makhleb.
  4598 | D:5      | Found an iron altar of Okawaru.
  4598 | D:5      | Found a stormy altar of Qazlal.
  4603 | D:5      | Reached skill level 7 in Maces & Flails
  4603 | D:5      | Found a shimmering altar of Xom.
  4802 | D:5      | Reached skill level 5 in Shields
  4802 | D:5      | Reached XP level 8. HP: 46/58 MP: 8/8
  5255 | D:6      | Reached skill level 8 in Maces & Flails
  5438 | D:6      | Found a snail-covered altar of Cheibriados.
  5463 | D:6      | HP: 3/82 [wight/+4 war axe (12)]
  5463 | D:6      | Slain by a wight

Illustrated notes

Levels and vault maps discovered:
D:1:      beargit_arrival_greenhouse, layout_loops_ring,
          shapermc_ecumenical_altar_rom_forum, minivault_4, nicolae_the_louvre
D:2:      layout_loops_ring, basic_altar, serial_shops, shop_statue,
          minmay_circle_x, uniq_terence
D:3:      layout_loops_ring, nzn_overflow_gifts_of_might_and_magic
D:4:      cheibrodos_fertilizer, layout_cave_pods, serial_shops,
          nicolae_shop_rolled_up
D:5:      layout_loops_ring, nicolae_overflow_hallway_of_the_gods
D:6:      layout_basic, lemuel_round_altar, minmay_temple_entry_fiery,
          amethyst_killhole

Skill      XL: |  1  2  3  4  5  6  7  8 |
---------------+-------------------------+-----
Maces & Flails | 2 3 4 5 7 8 |  8.4
Dodging        | 1 |  1.0
Stealth        | 1 |  1.0
Throwing       | 1 |  1.0
Evocations     | 1 |  1.0
Shields        | 3 5 |  5.7
Fighting       | |  3.0
Armour         | |  2.6

Action                     |  1- 3 |  4- 6 |  7- 9 || total
---------------------------+-------+-------+-------++-------
  Melee: Flail             |   107 |   170 |   143 ||   420
         Kick              |    16 |    43 |    41 ||   100
  Throw: Stone             |       |    12 |     5 ||    17
    Use: Scroll            |       |    11 |     2 ||    13
         Potion            |       |     1 |     1 ||     2
   Stab: Sleeping          |       |     1 |       ||     1
 Armour: Scale mail        |    52 |     2 |       ||    54
         Ring mail         |       |    70 |    32 ||   102
  Dodge: Dodged            |    53 |    87 |    64 ||   204
  Block: Buckler           |    32 |    44 |    31 ||   107

Table legend: (Time is in decaauts)
 A = Elapsed time spent in this place.
 B = Non-inter-level travel time spent in this place.
 C = Inter-level travel time spent in this place.
 D = Time resting spent in this place.
 E = Time spent auto-exploring this place.
 F = Levels seen in this place.
 G = Mean time per level.
                   A        B        C        D        E       F      G
               +--------+--------+--------+--------+--------+-----+--------+
         Total |   5540 |   4814 |    726 |    677 |   2838 |   6 |  923.3 |
       Dungeon |   5540 |   4814 |    726 |    677 |   2838 |   6 |  923.3 |
               +--------+--------+--------+--------+--------+-----+--------+

Top non-repeatable levels by time:
     D:4: 1280 daAuts
     D:2: 1145 daAuts
     D:3: 1102 daAuts
     D:1: 856 daAuts
     D:5: 788 daAuts
     D:6: 367 daAuts
